 Dungeon Crawl Stone Soup version 0.21-a0-537-gd2fb950b4b (webtiles) character file.

193 Pixllover the Skirmisher (level 5, -13/47 HPs)
             Began as a Minotaur Abyssal Knight on Dec 15, 2017.
             Was a Priest of Lugonu.
             Mangled by an ogre
             ... wielding a +0 giant club
              (28 damage)
             ... on level 4 of the Dungeon.
             The game lasted 00:11:20 (3137 turns).

Pixllover the Skirmisher (Minotaur Abyssal Knight)  Turns: 3137, Time: 00:11:23

Health: -13/47     AC:  6    Str: 18    XL:     5   Next: 44%
Magic:  5/5        EV: 11    Int:  9    God:    Lugonu [***...]
Gold:   164        SH:  0    Dex:  9    Spells: 4/4 levels left

rFire    . . .     SeeInvis .   a - +2 mace
rCold    . . .     Gourm    .   (no shield)
rNeg     . . .     Faith    .   i - +1 ring mail
rPois    .         Spirit   .   (helmet restricted)
rElec    .         Reflect  .   (no cloak)
rCorr    .         Harm     .   (no gloves)
MR       .....                  (no boots)
Stlth    ..........             (no amulet)
HPRegen  0.15/turn              (no ring)
MPRegen  0.09/turn              (no ring)

@: no status effects
A: retaliatory headbutt, horns 2
a: Depart the Abyss, Bend Space, Banish, Renounce Religion


You were on level 4 of the Dungeon.
You worshipped Lugonu.
Lugonu was most pleased with you.
You were not hungry.

You visited 1 branch of the dungeon, and saw 4 of its levels.
You visited the Abyss 1 time.

You collected 164 gold pieces.

Inventory:

Hand Weapons
 a - a +2 mace (weapon)
Armour
 b - a +0 leather armour
 i - a +1 ring mail (worn)
 p - a +0 scale mail
Jewellery
 f - a +3 amulet of reflection {unknown}
Wands
 e - a wand of paralysis (13)
 r - a wand of digging (7)
 u - a wand of iceblast (8)
 w - a wand of flame (26)
Scrolls
 h - 2 scrolls of identify
 s - 2 scrolls of amnesia {unknown}
 t - a scroll of fog {unknown}
Potions
 d - 6 potions of haste
 k - 2 potions of resistance
 l - 2 potions of flight {unknown}
 m - a potion of mutation {unknown}
 n - a potion of degeneration
 q - a potion of curing {unknown}
 v - a potion of cancellation {unknown}
Comestibles
 c - 2 bread rations
 o - 3 meat rations


   Skills:
 + Level 4.9 Fighting
 + Level 4.4 Maces & Flails
 + Level 4.0 Armour
 + Level 2.1 Dodging
 + Level 0.1 Stealth
 + Level 2.0 Invocations


You had 4 spell levels left.
You didn't know any spells.

Dungeon Overview and Level Annotations

Branches:
Dungeon (4/15)
 Temple: D:4-7

Altars:
Dithmenos
Trog


Innate Abilities, Weirdness & Mutations

You reflexively headbutt those who attack you in melee.
You have a pair of horns on your head.


Message History

You hit the ogre but do no damage.
The ogre is moderately wounded.
The ogre hits you with a giant club! The ogre hits you with a giant club.
There is a stone staircase leading down here.
Found a pair of boots.
You hit the ogre. Your headbutt misses the ogre.
The ogre is moderately wounded.
The ogre hits you with a giant club!!
A ball python comes into view.
The ball python hisses angrily.
A quokka comes into view.
Found a plate armour.
You closely miss the ball python. The ball python barely misses you.
You furiously retaliate!
You headbutt the ball python!
You kill the ball python!
Lugonu accepts your kill. The ogre hits you with a giant club!!
Ouch! That really hurt!
You die...

#..#.# #.#.## ...
#..#.####.#..#### ..[
#..#......#..... ....
###.............# ..r..
.....#..###.#...###.....
........................
#....#..#...............
..>............O@.......
###.###.#####.######.###
#.# #.# #.# #+# #.# ...
### ##.## #.. #.. [..


You could see an ogre and a quokka.

Vanquished Creatures
  The ghost of loom the Conjurer, a weakling DrCj (D:3)
  Jessica (D:3)
  Ijyb (D:3)
  2 adders (D:2)
  An ooze (D:1)
  2 dart slugs (D:1)
  3 leopard geckos
  A ball python (D:4)
  7 bats
  2 giant cockroaches
  15 goblins
  10 hobgoblins
  6 kobolds
  4 quokkas (D:3)
  4 frilled lizards
  9 rats
69 creatures vanquished.

Notes
Turn   | Place    | Note
-------+----------+-------------------------------------------
     0 | Abyss:1  | Pixllover the Minotaur Abyssal Knight began the quest for the Orb.
     0 | Abyss:1  | Reached XP level 1. HP: 19/19 MP: 1/1
    34 | D:1      | Escaped the Abyss
   151 | D:1      | Reached XP level 2. HP: 27/27 MP: 2/2
   669 | D:1      | Reached XP level 3. HP: 34/34 MP: 3/3
   676 | D:1      | Reached ** piety under Lugonu
  1448 | D:2      | Reached XP level 4. HP: 32/41 MP: 4/4
  1850 | D:2      | Found a bloodstained altar of Trog.
  2223 | D:3      | Noticed Ijyb
  2367 | D:3      | Reached *** piety under Lugonu
  2489 | D:3      | Noticed Jessica
  2493 | D:3      | Killed Jessica
  2584 | D:3      | Killed Ijyb
  2584 | D:3      | Reached XP level 5. HP: 43/47 MP: 5/5
  2617 | D:3      | Found a shadowy altar of Dithmenos.
  2728 | D:3      | Noticed loom's ghost (weakling DrCj)
  2746 | D:3      | Killed loom's ghost
  3109 | D:4      | Noticed an ogre
  3137 | D:4      | Mangled by an ogre

Vault maps used:
D:1:      dpeg_arrival_signposts
D:2:      trog_hazing_becter
D:3:      grunt_dithmenos_smoke_and_mirrors, uniq_ijyb, uniq_jessica
D:4:      serial_shops, shop, first_bread

Skill      XL: |  1  2  3  4  5 |
---------------+----------------+-----
Invocations    | 2 |  2.0
Fighting       | 4 |  4.9
Armour         | 3 4 |  4.0
Maces & Flails | 3 4 |  4.4
Dodging        | 2 |  2.1
Stealth        | |  0.1

Action                   |  1- 3 |  4- 6 || total
-------------------------+-------+-------++-------
Melee: Mace              |    76 |    64 ||   140
       Headbutt          |    16 |    10 ||    26
  Use: Scroll            |     7 |     3 ||    10
       Potion            |       |     1 ||     1
  Eat: Chunk             |     2 |     5 ||     7
Armor: Leather armour    |    24 |       ||    24
       Ring mail         |    18 |    29 ||    47
Dodge: Dodged            |    66 |    42 ||   108

Table legend:
 A = Spawn XP
 B = Non-spawn XP
 C = Spawn XP percentage of total XP
 D = Spawn monster count
 E = Non-spawn monster count
 F = Spawn count percentage of total count
 G = Total turns spent on level
                    A         B        C        D         E        F      G
               +---------+---------+-------+---------+---------+-------+---------
         Total |       0 |     277 |   0.0 |       0 |      69 |   0.0 |  3137
               +---------+---------+-------+---------+---------+-------+---------
           D:1 |       0 |      56 |   0.0 |       0 |      29 |   0.0 |  1104
           D:2 |       0 |      68 |   0.0 |       0 |      25 |   0.0 |   980
           D:3 |       0 |     151 |   0.0 |       0 |      14 |   0.0 |   987
           D:4 |       0 |       2 |   0.0 |       0 |       1 |   0.0 |    32
               +---------+---------+-------+---------+---------+-------+---------
